 Dungeon Crawl Stone Soup version 0.28.0-43-g3370ac3207 (webtiles) character file.

Game seed: 2639217293064090964

9534 croobank the Cleaver (level 11, -13/84 HPs)
             Began as a Hill Orc Fighter on Apr 1, 2022.
             Was a Priest of Beogh.
             Mangled by a death yak (18 damage)
             ... on level 9 of the Dungeon.
             The game lasted 00:32:22 (10179 turns).

croobank the Cleaver (Hill Orc Fighter)            Turns: 10179, Time: 00:32:40

Health: -13/84     AC: 15    Str: 28    XL:     11   Next: 48%
Magic:  4/11       EV:  8    Int: 14    God:    Beogh [***...]
Gold:   435        SH:  5    Dex: 14    Spells: 10/10 levels left

rFire   . . .      SeeInvis .   o - +6 mace of Wuufifag {vorpal, rC+ Str+4 Dex+4}
rCold   + . .      Faith    .   w - +0 buckler
rNeg    . . .      Spirit   .   n - +0 chain mail
rPois   .          Reflect  .   (no helmet)
rElec   .          Harm     .   r - +2 cloak
rCorr   +          Rampage  .   v - +2 pair of gloves {infuse}
Will    .....                   (no boots)
Stlth   ..........              (no amulet)
HPRegen 0.24/turn               f - +6 ring of intelligence
MPRegen 0.12/turn               D - ring of resist corrosion

@: no status effects
A: no striking features
a: Renounce Religion, Smiting


You were on level 9 of the Dungeon.
You worshipped Beogh.
Beogh was most pleased with you.
You visited 1 branch of the dungeon, and saw 10 of its levels.

You collected 492 gold pieces.
You spent 57 gold pieces at shops.

Inventory:

Hand Weapons
 a - a +1 spectral war axe
 b - a +0 hand crossbow
 c - the +4 mace of the Trees {freeze, MP+9 Str+4}
   (You found it on level 2 of the Dungeon)

   It freezes those it strikes, dealing additional cold damage.
   It can also slow down cold-blooded creatures.
   Str:       It affects your strength (+4).
   MP:        It affects your magic capacity (+9).
 d - a +3 battleaxe of freezing
 k - a +3 hunting sling
 m - a +2 dagger of flaming
 o - the +6 mace of Wuufifag (weapon) {vorpal, rC+ Str+4 Dex+4}
   (You found it on level 2 of the Dungeon)

   It inflicts extra damage upon your enemies.
   Str:       It affects your strength (+4).
   Dex:       It affects your dexterity (+4).
   rC:        It protects you from cold.
 q - a +3 quarterstaff of chaos
 F - a +2 whip of flaming
Missiles
 j - 27 poisoned darts (quivered)
 t - 90 bolts
 A - 4 javelins
 B - 4 throwing nets
 H - 5 curare-tipped darts
 I - 72 sling bullets
Armour
 n - a +0 chain mail (worn)
 r - a +2 cloak (worn)
 v - a +2 pair of gloves of infusion (worn)
 w - a +0 buckler (worn)
 E - the +1 scale mail of Unyal {+Blink rC- Dex+8 Slay-5}
   (You found it on level 7 of the Dungeon)

   Dex:       It affects your dexterity (+8).
   Slay:      It affects your accuracy & damage with ranged weapons and melee
   (-5).
   rC:        It makes you vulnerable to cold.
   +Blink:    It lets you blink.
 J - +0 acid dragon scales
Jewellery
 e - a ring of ice
 f - a +6 ring of intelligence (left hand)
 D - a ring of resist corrosion (right hand)
Wands
 l - a wand of mindburst (27)
 G - a wand of flame (11)
Scrolls
 i - a scroll of immolation
 u - 2 scrolls of holy word {unknown}
 x - 2 scrolls of fear
 y - 4 scrolls of identify
 C - 2 scrolls of magic mapping
Potions
 g - 6 potions of curing
 h - 7 potions of flight
 p - 2 potions of mutation
 s - 2 potions of cancellation
 z - 2 potions of lignification


   Skills:
 - Level 4.1 Fighting
 + Level 12.1(14.7) Axes
 + Level 11.6(13.1) Maces & Flails
 + Level 9.6 Crossbows
 - Level 3.7 Armour
 - Level 3.8 Shields


You had 10 spell levels left.
You didn't know any spells.
Your spell library contained the following spells:

 Spells                   Type           Power      Damage    Failure   Level
 Apportation              Tloc           0%         N/A       91%         1
 Slow                     Hex            0%         N/A       91%         1
 Call Canine Familiar     Summ           0%         N/A       99%         3
 Confusing Touch          Hex            0%         N/A       99%         3
 Portal Projectile        Hex/Tloc       0%         N/A       99%         3
 Vampiric Draining        Necr           0%         2d6       99%         3
 Leda's Liquefaction      Hex/Erth       0%         N/A       100%        4
 Alistair's Intoxication  Tmut/Pois      0%         N/A       100%        5
 Blade Hands              Tmut           0%         N/A       100%        5
 Excruciating Wounds      Necr           0%         N/A       100%        5


Dungeon Overview and Level Annotations

Branches:
Dungeon (10/15)            Temple (0/1) D:6            Lair (0/6) D:10
    Orc (0/2) D:9

Altars:
Cheibriados
Dithmenos
Gozag
Nemelex Xobeh
Okawaru
Uskayaw

Shops:
D:5 :   D:6 *


Message History

a - a +1 spectral war axe (weapon)
Cleave: a) +1 war axe (spect)
Press: ? - help, Dir - move target, f - you, p - death yak
Okay, then.
The death yak gores you!
You climb upwards.
There is a stone staircase leading down, spattered with blood here.
You feel stronger.
You feel agile.
o - the +6 mace of Wuufifag (weapon)
{vorpal, rC+ Str+4 Dex+4} You sock the death yak!
The death yak is lightly wounded.
The death yak gores you.
You barely miss the death yak.
The death yak is lightly wounded.
The death yak gores you!
You sock the death yak!
The death yak is moderately wounded.
You sock the death yak!
The death yak is heavily wounded.
The death yak gores you!
You hit the death yak.
The death yak is heavily wounded.
The death yak gores you but does no damage.
You sock the death yak!
The death yak is severely wounded.
The death yak gores you!
* * * LOW HITPOINT WARNING * * *
You bludgeon the death yak!!
The death yak is almost dead.
The death yak gores you!!
* * * LOW HITPOINT WARNING * * *
You hit the death yak.
The death yak is almost dead.
Aiming: Throw Flame
Press: ? - help, Shift-Dir - straight line, f - death yak
Aim: a death yak (almost dead, 89% to hit)
The puff of flame hits the death yak but does no damage.
The death yak is almost dead.
The death yak gores you!!
You die...

..............##.................
..............##)################
...............#[#
######.........#.#####
#########.......############
#############......#...........
#..................#...≈.......
#........<.....Y...#...≈≈..≈≈..
#.............@....#...≈≈≈.≈≈..
###..........≈≈(.#####....≈≈.≈≈..
.............≈≈..# #.......≈†..
................######...≈≈......
................# #......≈≈......
....############# #.....≈≈≈.#####
##### #.........# # #.........# #
#.........# #


You could see a death yak.

Vanquished Creatures
  Fannar (D:10)
  Harold (D:7)
  2 two-headed ogres
  Pikel (D:7)
  A manticore (D:10)
  Joseph (D:7)
  The ghost of Zeld the Magician, a novice DEFE of Vehumet (D:6)
  2 trolls (D:10)
  A hornet (D:10)
  A slime creature (D:10)
  A shadow (D:10)
  4 yaks
  Menkaure (D:4)
  3 acid dragons
  A water moccasin (D:8)
  2 black bears
  3 orc warriors (D:9)
  3 necrophages (D:10)
  2 ice beasts (D:6)
  An ogre (D:6)
  A lemure (D:7)
  3 centaurs (D:10)
  2 kobold brigands
  A gnoll sergeant (D:7)
  3 bullfrogs
  A scorpion (D:4)
  4 killer bees (D:9)
  3 howler monkeys (D:10)
  8 wights
  An electric eel (D:9)
  3 centaur zombies
  Crazy Yiuf (D:2)
  4 jellies
  2 centaur skeletons (D:6)
  A gnoll shaman (D:8)
  2 hounds
  An orc priest (D:9)
  A bullfrog skeleton (D:7)
  4 iguanas
  6 orc wizards
  2 killer bee zombies
  A howler monkey zombie (D:10)
  12 gnolls
  7 adders
  A white imp (D:7)
  An ufetubus (D:6)
  An adder zombie (D:5)
  An adder skeleton (D:4)
  5 worms (D:2)
  3 dart slugs
  35 orcs
  5 endoplasms
  10 giant cockroaches
  8 hobgoblins
  3 jackals (D:1)
  5 quokkas
  7 ball pythons
  13 bats
  2 frilled lizards
  9 goblins
  12 kobolds
  A rat (D:1)
229 creatures vanquished.

Vanquished Creatures (others)
  An orc (D:4)
  5 withered plants (D:10)
6 creatures vanquished.

Grand Total: 235 creatures vanquished

Notes
Turn   | Place    | Note
-------+----------+-------------------------------------------
     0 | D:1      | croobank the Hill Orc Fighter began the quest for the Orb.
     0 | D:1      | Reached XP level 1. HP: 19/19 MP: 1/1
   277 | D:1      | Reached skill level 3 in Axes
   277 | D:1      | Reached XP level 2. HP: 14/27 MP: 2/2
   736 | D:1      | Reached XP level 3. HP: 32/33 MP: 3/3
  1249 | D:2      | Identified the +6 mace of Wuufifag {vorpal, rC+ Str+4
                  | Dex+4}
  1252 | D:2      | Found a runed translucent door.
  1253 | D:2      | Noticed Crazy Yiuf
  1263 | D:2      | Killed Crazy Yiuf
  1264 | D:2      | Reached XP level 4. HP: 17/40 MP: 4/4
  1670 | D:2      | Found a faded altar of an unknown god.
  1787 | D:2      | Identified the +4 mace of the Trees {freeze, MP+9 Str+4}
  2156 | D:3      | Reached skill level 1 in Crossbows
  2156 | D:3      | Reached XP level 5. HP: 46/46 MP: 5/5
  2200 | D:3      | Found an opulent altar of Gozag.
  2802 | D:4      | Became a worshipper of Beogh the Brigand
  2863 | D:4      | Reached XP level 6. HP: 48/52 MP: 6/6
  2886 | D:4      | Found a sparkling altar of Nemelex Xobeh.
  2996 | D:4      | Noticed Menkaure
  3001 | D:4      | Killed Menkaure
  3276 | D:5      | Entered Level 5 of the Dungeon
  3344 | D:5      | Reached skill level 5 in Maces & Flails
  3344 | D:5      | Reached XP level 7. HP: 43/59 MP: 7/7
  3587 | D:5      | Found Tuamijog's Book Emporium.
  3706 | D:5      | Found a shadowy altar of Dithmenos.
  3707 | D:5      | Found an iron altar of Okawaru.
  3708 | D:5      | Found a hide-covered altar of Uskayaw.
  3861 | D:5      | Found a snail-covered altar of Cheibriados.
  4362 | D:6      | Found a staircase to the Ecumenical Temple.
  4374 | D:6      | Found Sowkuoshixa's Assorted Antiques.
  4382 | D:6      | Bought a silvery potion for 19 gold pieces
  4382 | D:6      | Bought a glowing blue potion for 19 gold pieces
  4382 | D:6      | Bought a white potion for 19 gold pieces
  4514 | D:6      | Reached XP level 8. HP: 60/66 MP: 8/8
  4526 | D:6      | Reached * piety under Beogh
  4940 | D:6      | Reached skill level 4 in Axes
  4940 | D:6      | Reached skill level 5 in Crossbows
  4961 | D:6      | Found a runed translucent door.
  4966 | D:6      | Noticed Zeld's ghost (novice DEFE)
  5015 | D:6      | Found a runed translucent door.
  5038 | D:6      | Reached skill level 5 in Axes
  5044 | D:6      | Killed Zeld's ghost
  5191 | D:7      | Noticed Harold
  5199 | D:7      | Killed Harold
  5200 | D:7      | Reached skill level 7 in Axes
  5200 | D:7      | Reached XP level 9. HP: 58/71 MP: 3/9
  5359 | D:7      | Identified the +1 scale mail of Unyal {+Blink rC- Dex+8
                  | Slay-5}
  5508 | D:7      | Noticed Pikel
  5526 | D:7      | Killed Pikel
  5527 | D:7      | Reached skill level 8 in Axes
  5877 | D:7      | Noticed Joseph
  5888 | D:7      | Killed Joseph
  5889 | D:7      | Reached XP level 10. HP: 20/78 MP: 6/10
  6570 | D:8      | Reached ** piety under Beogh
  6626 | D:8      | Reached skill level 9 in Axes
  6954 | D:8      | Noticed a two-headed ogre
  6975 | D:8      | Killed a two-headed ogre
  7556 | D:8      | Reached skill level 10 in Maces & Flails
  7904 | D:9      | Reached skill level 10 in Axes
  8126 | D:9      | Found a staircase to the Orcish Mines.
  8346 | D:9      | Noticed a two-headed ogre
  8355 | D:9      | Killed a two-headed ogre
  8912 | D:10     | Entered Level 10 of the Dungeon
  8941 | D:10     | Reached *** piety under Beogh
  8956 | D:10     | Reached skill level 11 in Axes
  8956 | D:10     | Reached XP level 11. HP: 81/84 MP: 5/11
  8959 | D:10     | Noticed a manticore
  9240 | D:10     | Killed a manticore
  9539 | D:10     | Found a flagged portal.
  9837 | D:10     | Noticed Fannar
  9860 | D:10     | Killed Fannar
  9861 | D:10     | Reached skill level 12 in Axes
 10148 | D:10     | Noticed a death yak
 10152 | D:10     | Noticed a death yak
 10152 | D:10     | Noticed a death yak
 10179 | D:9      | Mangled by a death yak

Illustrated notes

Levels and vault maps discovered:
D:1:      psy_arrival_heroes, layout_basic, st_stairs_4
D:2:      layout_loops_cross, hellmonk_ecumenical_altar_pennies_from_heaven,
          uniq_crazy_yiuf_cottage
D:3:      layout_basic, nicolae_gozag_cash_rules_everything_around_me,
          minmay_misc_feat_four_crosses, lemuel_another_geyser
D:4:      layout_cave_pools, mainiacjoe_overflow_cross_hatched, uniq_menkaure
D:5:      layout_gridville, mainiacjoe_overflow_boulevard,
          chequers_temple_overflow_statue_of_worship, serial_shops,
          nicolae_stop_n_shop_1, dk_vineyard_2, grunt_ministairs_3
D:6:      layout_basic, temple_green, serial_shops, nicolae_diamond_shop,
          ebering_ghost_sewer_f
D:7:      layout_basic, uniq_joseph, uniq_pikel, uniq_harold
D:8:      layout_basic, hangedman_decor_slide_cut
D:9:      layout_basic, orc_0_dummy
D:10:     layout_basic, dpeg_lair_monsters, enter_bailey_5, serial_undead,
          serial_undead_b, serial_undead_c, serial_undead_a, serial_undead_f,
          minmay_chambers_of_fives, uniq_fannar

Skill      XL: |  1  2  3  4  5  6  7  8  9 10 11 |
---------------+----------------------------------+-----
Axes           | 3 7 8 11 12 | 12.1
Fighting       | 4 |  4.1
Maces & Flails | 2 3 5 6 8 9 10 11 | 11.6
Crossbows      | 1 2 3 4 6 7 8 9 |  9.6
Armour         | |  3.7
Shields        | |  3.8

Action                   |  1- 3 |  4- 6 |  7- 9 | 10-12 || total
-------------------------+-------+-------+-------+-------++-------
Melee: War axe           |   106 |       |    57 |   169 ||   332
       Mace              |     7 |   117 |    67 |    49 ||   240
       Hand crossbow     |       |       |     1 |       ||     1
 Fire: Hand crossbow     |       |    21 |    15 |     9 ||    45
Throw: Dart              |       |       |     1 |       ||     1
Invok: Convert to Beogh  |       |     1 |       |       ||     1
Evoke: Wand              |       |       |     3 |     5 ||     8
  Use: Scroll            |       |     4 |    10 |     9 ||    23
       Potion            |       |       |     1 |     7 ||     8
 Stab: Distracted        |       |       |     1 |     2 ||     3
Armor: Scale mail        |    68 |       |       |       ||    68
       Chain mail        |       |    64 |    84 |    94 ||   242
Dodge: Dodged            |    64 |    24 |    51 |    66 ||   205
Block: Buckler           |    35 |    25 |    28 |    36 ||   124
